PA
MANCELONA TORCH @ ATHLETIC CLUB KC U-21
08/24/2022
 
TOP OF THE 1ST
Mancelona Torch batting - Pitching for Athletic Club KC U-21 : RHP Lindsay Novak
Pitching: RHP Lindsay Novak
Batting: SHB Jim Unknown 0-0: Called Strike
0-1: Ball
1-1: Ball
2-1: Ball
3-1: Called Strike
3-2: Foul Ball, location: 2F
3-2: Base on Balls
Batting: RHB Raúl Ruíz 0-0: Ground out 5-3 (Groundball, 5S)
Jim Unknown to second
Batting: RHB Juan Carlos Cruz 0-0: Ball
1-0: Ball
2-0: Foul Ball, location: 2F
2-1: Fly out, F9 (Line Drive, 9S)
Batting: RHB Freddy Carea 0-0: Fly out, F7 (Popup, 56D)
Top of the 1st over - 0 run(s), 0 hit(s), 0 error(s), 1 left on base; Mancelona 0 - Athletic Club KC 0
BOTTOM OF THE 1ST
Athletic Club KC U-21 batting - Pitching for Mancelona Torch : LHP António Castillo
Pitching: LHP António Castillo
Batting: RHB Aurelio Álvarez 0-0: Ball
1-0: DOUBLE (Groundball, 5L)
Batting: RHB José Flores 0-0: Called Strike
Aurelio Álvarez steals 3rd base
0-1: DOUBLE (Line Drive, 8RM)
Aurelio Álvarez scores
Batting: LHB Domingo Gutiérrez 0-0: Called Strike
0-1: Swinging Strike
0-2: Ball
1-2: Foul Ball, location: 2F
1-2: Strikes out swinging
Batting: RHB Geoff Rivers 0-0: Ball
1-0: Ball
2-0: Fly out, F3 (Popup, 3SF)
Batting: SHB Brent Adams 0-0: Ground out 4-3 (Groundball, 4)
Bottom of the 1st over - 1 run(s), 2 hit(s), 0 error(s), 1 left on base; Mancelona 0 - Athletic Club KC 1
TOP OF THE 2ND
Mancelona Torch batting - Pitching for Athletic Club KC U-21 : RHP Lindsay Novak
Batting: RHB Juan Báez 0-0: Ball
1-0: Fly out, F8 (Flyball, 8RM)
Batting: RHB Henry Lambright 0-0: Ball
1-0: Ball
2-0: SINGLE (Groundball, 6MD)
Batting: LHB José Hernández 0-0: Ball
1-0: Called Strike
1-1: Foul Ball, location: 2F
1-2: SINGLE (Flyball, 78S)
Henry Lambright to second
Batting: RHB Bert Cook 0-0: Swinging Strike
0-1: DOUBLE (Line Drive, 9LS)
Henry Lambright scores
José Hernández to third
Batting: RHB Jim Unknown 0-0: Fly out, F2 (Popup, 2LF)
Batting: SHB Jim Unknown 0-0: Called Strike
0-1: Foul Ball, location: 2F
0-2: Reached on error, E4 (Groundball, 4)
José Hernández scores
Bert Cook to third
Batting: RHB Raúl Ruíz 0-0: Swinging Strike
0-1: Hit by Pitch
Jim Unknown to second
Batting: RHB Juan Carlos Cruz 0-0: Called Strike
0-1: Swinging Strike
0-2: Fly out, F6 (Line Drive, 6M)
Top of the 2nd over - 2 run(s), 3 hit(s), 1 error(s), 3 left on base; Mancelona 2 - Athletic Club KC 1
BOTTOM OF THE 2ND
Athletic Club KC U-21 batting - Pitching for Mancelona Torch : LHP António Castillo
Batting: SHB Fernando Luna 0-0: Ball
1-0: Called Strike
1-1: Ball
2-1: SINGLE (Line Drive, 78M)
Batting: RHB Iván Chacón 0-0: Ball
1-0: Foul Ball, location: 2F
1-1: Swinging Strike
1-2: Strikes out swinging
Batting: RHB Diego Bonilla 0-0: Foul Ball, location: 2F
0-1: Foul Ball, location: 2F
0-2: Foul Ball, location: 2F
0-2: Ball
1-2: Ball
2-2: Ball
3-2: Base on Balls
Fernando Luna to second
Batting: LHB Naohiro Sakai 0-0: Called Strike
0-1: Called Strike
0-2: Foul Ball, location: 2F
0-2: Foul Ball, location: 2F
0-2: Ground out 3-1 (Groundball, 34S)
Fernando Luna to third
Diego Bonilla to second
Batting: RHB Aurelio Álvarez 0-0: Ball
1-0: Foul Ball, location: 2F
1-1: Foul Ball, location: 2F
1-2: Strikes out swinging
Bottom of the 2nd over - 0 run(s), 1 hit(s), 0 error(s), 2 left on base; Mancelona 2 - Athletic Club KC 1
TOP OF THE 3RD
Mancelona Torch batting - Pitching for Athletic Club KC U-21 : RHP Lindsay Novak
Batting: RHB Freddy Carea 0-0: Ball
1-0: Ball
2-0: Ball
3-0: Base on Balls
Batting: RHB Juan Báez 0-0: Ground out U3 (Groundball, 3S)
Freddy Carea to second
Batting: RHB Henry Lambright 0-0: Foul Ball, location: 2F
0-1: Ball
1-1: Foul Ball, location: 2F
1-2: Ball
2-2: Strikes out looking
Batting: LHB José Hernández 0-0: Ball
1-0: Ball
2-0: Ground out 6-3 (Groundball, 6M)
Top of the 3rd over - 0 run(s), 0 hit(s), 0 error(s), 1 left on base; Mancelona 2 - Athletic Club KC 1
BOTTOM OF THE 3RD
Athletic Club KC U-21 batting - Pitching for Mancelona Torch : LHP António Castillo
Batting: RHB José Flores 0-0: Ball
1-0: Ball
2-0: Called Strike
2-1: Ball
3-1: Base on Balls
Batting: LHB Domingo Gutiérrez 0-0: Called Strike
0-1: Ball
1-1: Swinging Strike
1-2: Ball
2-2: Strikes out swinging
Batting: RHB Geoff Rivers 0-0: Ball
1-0: Called Strike
1-1: Foul Ball, location: 2F
1-2: Ball
2-2: Fly out, F4 (Popup, 4D)
Batting: SHB Brent Adams 0-0: Ball
1-0: Foul Ball, location: 2F
1-1: Ball
Wild Pitch!
José Flores to second
2-1: Ball
3-1: Called Strike
3-2: Foul Ball, location: 2F
3-2: Foul Ball, location: 2F
3-2: Base on Balls
Batting: SHB Fernando Luna 0-0: Called Strike
0-1: Fielders Choice at 2nd, 6-4 (Groundball, 56)
Bottom of the 3rd over - 0 run(s), 0 hit(s), 0 error(s), 1 left on base; Mancelona 2 - Athletic Club KC 1
TOP OF THE 4TH
Mancelona Torch batting - Pitching for Athletic Club KC U-21 : RHP Lindsay Novak
Batting: RHB Bert Cook 0-0: Fly out, F9 (Popup, 4D)
Batting: RHB Jim Unknown 0-0: Ball
1-0: Ground out 1-3 (Groundball, 13)
Batting: SHB Jim Unknown 0-0: Ball
1-0: Called Strike
1-1: Swinging Strike
1-2: Ball
2-2: Foul Ball, location: 2F
2-2: Foul Ball, location: 2F
2-2: Ball
3-2: Foul Ball, location: 2F
3-2: Foul Ball, location: 2F
3-2: Foul Ball, location: 2F
3-2: Base on Balls
Batting: RHB Raúl Ruíz 0-0: Ball
1-0: Ball
2-0: Called Strike
2-1: Ball
3-1: Swinging Strike
3-2: Fly out, F6 (Popup, 56D)
Top of the 4th over - 0 run(s), 0 hit(s), 0 error(s), 1 left on base; Mancelona 2 - Athletic Club KC 1
BOTTOM OF THE 4TH
Athletic Club KC U-21 batting - Pitching for Mancelona Torch : LHP António Castillo
Batting: RHB Iván Chacón 0-0: Ball
1-0: Ball
2-0: Ball
3-0: Called Strike
3-1: Base on Balls
Batting: RHB Diego Bonilla 0-0: Ball
1-0: Called Strike
1-1: Ball
2-1: Called Strike
2-2: Fly out, F5 (Popup, 5SF)
Batting: LHB Naohiro Sakai 0-0: Called Strike
0-1: Called Strike
0-2: Ball
1-2: Strikes out looking
Batting: RHB Aurelio Álvarez 0-0: Ball
1-0: SINGLE (Flyball, 89S)
Iván Chacón to second
Batting: RHB José Flores 0-0: Ball
Wild Pitch!
Iván Chacón to third
Aurelio Álvarez to second
1-0: Swinging Strike
1-1: Called Strike
1-2: Strikes out swinging
Bottom of the 4th over - 0 run(s), 1 hit(s), 0 error(s), 2 left on base; Mancelona 2 - Athletic Club KC 1
TOP OF THE 5TH
Mancelona Torch batting - Pitching for Athletic Club KC U-21 : RHP Lindsay Novak
Batting: RHB Juan Carlos Cruz 0-0: Called Strike
0-1: Ball
1-1: Ball
2-1: Called Strike
2-2: Foul Ball, location: 2F
2-2: Fly out, F3 (Line Drive, 3)
Batting: RHB Freddy Carea 0-0: Swinging Strike
0-1: Ball
1-1: SOLO HOME RUN (Flyball, 8LXD), Distance : 442 ft
Batting: RHB Juan Báez 0-0: Swinging Strike
0-1: Ball
1-1: Foul Ball, location: 2F
1-2: Ball
2-2: Strikes out swinging
Batting: RHB Henry Lambright 0-0: Called Strike
0-1: Foul Ball, location: 2F
0-2: Foul Ball, location: 2F
0-2: Foul Ball, location: 2F
0-2: Ball
1-2: Foul Ball, location: 2F
1-2: Ball
2-2: Ground out 5-3 (Groundball, 56)
Top of the 5th over - 1 run(s), 1 hit(s), 0 error(s), 0 left on base; Mancelona 3 - Athletic Club KC 1
BOTTOM OF THE 5TH
Athletic Club KC U-21 batting - Pitching for Mancelona Torch : LHP António Castillo
Batting: LHB Domingo Gutiérrez 0-0: Swinging Strike
0-1: Ball
1-1: Foul Ball, location: 2F
1-2: Foul Ball, location: 2F
1-2: Foul Ball, location: 2F
1-2: Ball
2-2: Ball
3-2: SINGLE (Groundball, 6MD)
Pitching: LHP Pat Buchanan
Batting: RHB Geoff Rivers 0-0: Called Strike
0-1: Ball
1-1: Ball
2-1: Called Strike
2-2: SINGLE (Flyball, 78M)
Domingo Gutiérrez to second
Batting: SHB Brent Adams 0-0: Ball
1-0: Ball
2-0: Called Strike
2-1: Grounds into double play, U4-3 (Groundball, 4)
Domingo Gutiérrez to third
Batting: SHB Fernando Luna 0-0: Ball
1-0: Foul Ball, location: 2F
1-1: Ball
2-1: Foul Ball, location: 2F
2-2: Strikes out swinging
Bottom of the 5th over - 0 run(s), 2 hit(s), 0 error(s), 1 left on base; Mancelona 3 - Athletic Club KC 1
TOP OF THE 6TH
Mancelona Torch batting - Pitching for Athletic Club KC U-21 : RHP Lindsay Novak
Batting: LHB José Hernández 0-0: Ball
1-0: DOUBLE (Line Drive, 7LM)
Batting: RHB Bert Cook 0-0: Ball
1-0: SINGLE (Line Drive, 6MD)
José Hernández to third
Runner from 3rd tries for Home, SAFE, no throw or cutoff
Batting: RHB Jim Unknown 0-0: Sac Bunt - play at second, runner OUT! 1-6
Batting: SHB Jim Unknown 0-0: Called Strike
0-1: Called Strike
0-2: Ball
1-2: Strikes out swinging
Batting: RHB Raúl Ruíz 0-0: Fielders Choice at 2nd, 6-4 (Groundball, 56)
Top of the 6th over - 1 run(s), 2 hit(s), 0 error(s), 0 left on base; Mancelona 4 - Athletic Club KC 1
BOTTOM OF THE 6TH
Athletic Club KC U-21 batting - Pitching for Mancelona Torch : LHP Pat Buchanan
Batting: RHB Iván Chacón 0-0: Ball
1-0: Ground out 2-3 (Groundball, 2L)
Batting: RHB Diego Bonilla 0-0: DOUBLE (Flyball, 78M)
Batting: LHB Naohiro Sakai 0-0: Ball
1-0: Foul Ball, location: 2F
1-1: Fly out, F8 (Flyball, 8RM)
Batting: RHB Aurelio Álvarez 0-0: Fly out, F4 (Popup, 34D)
Bottom of the 6th over - 0 run(s), 1 hit(s), 0 error(s), 1 left on base; Mancelona 4 - Athletic Club KC 1
TOP OF THE 7TH
Mancelona Torch batting - Pitching for Athletic Club KC U-21 : RHP Lindsay Novak
Batting: RHB Juan Carlos Cruz 0-0: Fly out, F4 (Popup, 34)
Batting: RHB Freddy Carea 0-0: Ball
1-0: Called Strike
1-1: Ball
2-1: Foul Ball, location: 2F
2-2: Foul Ball, location: 2F
2-2: Fly out, F3 (Popup, 34)
Batting: RHB Juan Báez 0-0: Swinging Strike
0-1: Swinging Strike
0-2: Strikes out looking
Top of the 7th over - 0 run(s), 0 hit(s), 0 error(s), 0 left on base; Mancelona 4 - Athletic Club KC 1
BOTTOM OF THE 7TH
Athletic Club KC U-21 batting - Pitching for Mancelona Torch : LHP Pat Buchanan
Batting: RHB José Flores 0-0: Ball
1-0: Ball
2-0: Ball
3-0: Base on Balls
Batting: LHB Domingo Gutiérrez 0-0: Called Strike
0-1: Swinging Strike
0-2: Strikes out swinging
Batting: RHB Geoff Rivers 0-0: Swinging Strike
0-1: Swinging Strike
0-2: Ball
1-2: Ground out U3 (Groundball, 3S)
José Flores to second
Batting: SHB Brent Adams 0-0: Ball
1-0: Ball
2-0: Ground out 4-3 (Groundball, 4M)
Bottom of the 7th over - 0 run(s), 0 hit(s), 0 error(s), 1 left on base; Mancelona 4 - Athletic Club KC 1
TOP OF THE 8TH
Mancelona Torch batting - Pitching for Athletic Club KC U-21 : RHP Lindsay Novak
Batting: RHB Henry Lambright 0-0: Ball
1-0: SINGLE (Line Drive, 56)
Pitching: LHP Alonso Muñíz
Batting: LHB José Hernández 0-0: Sac Bunt - play at first, batter OUT! 2-3
Henry Lambright to second
Batting: RHB Bert Cook 0-0: Ball
1-0: Called Strike
1-1: Foul Ball, location: 2F
1-2: Strikes out swinging
Batting: RHB Jim Unknown 0-0: Foul Ball, location: 2F
0-1: Ball
1-1: Ball
2-1: Ball
3-1: Base on Balls
Batting: SHB Jim Unknown 0-0: Ball
1-0: Called Strike
1-1: Ground out U3 (Groundball, 3)
Top of the 8th over - 0 run(s), 1 hit(s), 0 error(s), 2 left on base; Mancelona 4 - Athletic Club KC 1
BOTTOM OF THE 8TH
Athletic Club KC U-21 batting - Pitching for Mancelona Torch : LHP Pat Buchanan
Batting: SHB Fernando Luna 0-0: Ball
1-0: Ball
2-0: Ball
3-0: Called Strike
3-1: Base on Balls
Pitching: RHP Jim Unknown
Batting: RHB Iván Chacón 0-0: Foul Ball, location: 2F
0-1: Ball
1-1: Foul Ball, location: 2F
1-2: Ball
2-2: Strikes out swinging
Batting: RHB Diego Bonilla 0-0: Ground out 4-3 (Groundball, 4M)
Fernando Luna to second
Batting: LHB Naohiro Sakai 0-0: Ball
1-0: Ball
2-0: Ball
3-0: Base on Balls
Batting: RHB Aurelio Álvarez 0-0: Ball
1-0: Ball
2-0: Swinging Strike
2-1: Called Strike
2-2: Strikes out looking
Bottom of the 8th over - 0 run(s), 0 hit(s), 0 error(s), 2 left on base; Mancelona 4 - Athletic Club KC 1
TOP OF THE 9TH
Mancelona Torch batting - Pitching for Athletic Club KC U-21 : LHP Alonso Muñíz
Batting: RHB Raúl Ruíz 0-0: Ball
1-0: Ball
2-0: Ball
3-0: Called Strike
3-1: Ground out 1-3 (Groundball, 15)
Batting: RHB Juan Carlos Cruz 0-0: Swinging Strike
0-1: Fly out, F7 (Flyball, 78M)
Batting: RHB Freddy Carea 0-0: Swinging Strike
0-1: Ground out 6-3 (Groundball, 6)
Top of the 9th over - 0 run(s), 0 hit(s), 0 error(s), 0 left on base; Mancelona 4 - Athletic Club KC 1
BOTTOM OF THE 9TH
Athletic Club KC U-21 batting - Pitching for Mancelona Torch : RHP Jim Unknown
Pitching: RHP Jim Unknown
Batting: RHB José Flores 0-0: Ball
1-0: Called Strike
1-1: Swinging Strike
1-2: Ball
2-2: Ground out 6-3 (Groundball, 6M)
Batting: LHB Domingo Gutiérrez 0-0: Ball
1-0: Foul Ball, location: 2F
1-1: Called Strike
1-2: Foul Ball, location: 2F
1-2: Strikes out swinging, 2-3 out at first.
Batting: RHB Geoff Rivers 0-0: Foul Ball, location: 2F
0-1: Swinging Strike
0-2: Strikes out swinging
Bottom of the 9th over - 0 run(s), 0 hit(s), 0 error(s), 0 left on base; Mancelona 4 - Athletic Club KC 1
This league is powered by Out of the Park Baseball, the baseball management simulation game for PC, Mac and Linux
Friday, April 15th, 2016 - OOTP Baseball 16.9 Build 39